 Dungeon Crawl Stone Soup version 0.14.1-10-gba40d31 (webtiles) character file.

16297 Heini the Basher (level 12, -5/112 HPs)
             Began as a Minotaur Fighter on May 29, 2014.
             Was a High Priest of Okawaru.
             Killed from afar by a starcursed mass (7 damage)
             ... with an accursed screaming
             ... on Level 1 of the Abyss.
             The game lasted 00:57:15 (14485 turns).

Heini the Basher (Minotaur Fighter)                Turns: 14485, Time: 00:57:16

HP  -5/112       AC 27     Str 26      XL: 12   Next:  0%
MP   6/6         EV 11     Int  5      God: Okawaru [*****.]
Gold 958         SH  0     Dex 10      Spells:  0 memorised, 11 levels left

rFire  + . .     SeeInvis .     r - +4,+1 great mace (holy)
rCold  . . .     Clarity  .     v - +3 plate armour {rF+}
rNeg   . . .     Conserve .     (no shield)
rPois  .         rCorr    .     U - +1 hat
rElec  .         rRot     .     s - +2 cloak (curse)
SustAb + .       Spirit   .     (no gloves)
rMut   .         Warding  .     A - +2 pair of boots {Fly}
Saprov . . .     Stasis   .     (no amulet)
MR     .....                    V - ring of sustain abilities {unknown}
                                u - +4 ring of evasion

@: flying, very slightly contaminated, not resistant to hostile enchantments,
extremely unstealthy
A: retaliatory headbutt, horns 2
a: Heroism, Finesse, Renounce Religion, Stop Flying


You were on level 1 of the Abyss.
You worshipped Okawaru.
Okawaru was extremely pleased with you.
You were not hungry.

You visited 3 branches of the dungeon, and saw 15 of its levels.
You visited the Abyss 1 time.
You also visited: Bailey.

You collected 1070 gold pieces.
You spent 112 gold pieces at shops.

Inventory:

Hand weapons
 a - a +1,+0 flail
 r - a +4,+1 great mace of holy wrath (weapon)
 I - a +0,+0 dire flail
Armour
 c - a +0 shield
 e - a +10 plate armour of ponderousness
 s - a cursed +2 cloak (worn)
 v - a +3 plate armour of fire resistance (worn)
 A - a +2 pair of boots of flying (worn)
 E - a +0 pair of boots
 J - a +1 buckler of protection
 U - a +1 hat (worn)
Magical devices
 p - a wand of magic darts (12)
 t - a wand of teleportation (2)
 B - a wand of fire (3) {unknown}
 R - a wand of lightning (6)
Comestibles
 b - a choko
 d - 9 bread rations
 i - 7 sultanas
 k - 4 pears
 q - a sausage
 G - 4 meat rations
Scrolls
 f - 4 scrolls of enchant armour
 g - 6 scrolls of fear
 n - 7 scrolls of remove curse
 y - a scroll of teleportation
 D - a scroll of enchant weapon I
 M - 3 scrolls of recharging
 N - a scroll of fog
Jewellery
 h - an uncursed ring of positive energy {unknown}
 j - an uncursed ring of fire
 u - a +4 ring of evasion (left hand)
 V - a ring of sustain abilities (right hand) {unknown}
Potions
 l - 2 potions of restore abilities
 m - 5 potions of curing
 x - a potion of degeneration {unknown}
 z - a potion of brilliance
 C - a potion of flight {unknown}
 K - 2 potions of lignification {unknown}
 O - a potion of mutation {unknown}
 Q - a potion of resistance {unknown}
 T - a potion of berserk rage {unknown}
 W - a potion of invisibility {unknown}


   Skills:
 * Level 12.0 Fighting
 * Level 14.6 Maces & Flails
 * Level 13.5 Armour
   Level 3.6 Shields
 + Level 0.6 Evocations


You had 11 spell levels left.
You didn't know any spells.

Dungeon Overview and Level Annotations

Branches:
Dungeon (11/15)            Temple (1/1) D:7             Orc (3/4) D:10
    Elf: Orc:3-4       Lair: D:8-11

Altars:
Ashenzari
Cheibriados
Dithmenos
Elyvilon
Fedhas
Kikubaaqudgha
Makhleb
Nemelex Xobeh
Okawaru
Sif Muna
Trog
Vehumet
Xom
Yredelemnul
Zin
The Shining One
Beogh

Shops:
D:5 *   D:9 *   D:10 ![

Annotations:
Orc:3 Joseph, Sonja


Innate Abilities, Weirdness & Mutations

You reflexively headbutt those who attack you in melee.
You have a pair of horns on your head.


Message History

* * * LOW HITPOINT WARNING * * *
You finish eating.
That meat ration really hit the spot!
The starcursed mass shrieks in your mind.
* * * LOW HITPOINT WARNING * * *
All of the chunks of flesh in your inventory have completely rotted away.
A smoke demon comes into view.
The smoke demon roars!
Drink which item? (? for menu, Esc to quit)
You feel better.
The smoke demon hits you but does no damage. x2
The smoke demon hits you.
* * * LOW HITPOINT WARNING * * *
The smoke demon gestures at you. The ball of steam hits you! You resist.
* * * LOW HITPOINT WARNING * * *
Unknown command.
The smoke demon gestures at you. The sticky flame misses you.
The starcursed mass shrieks in your mind.
You die...

# # .## #. ...##.
...#....# ##
.#.....# .# .# .#
..##..####. #..
..#.#.....#.# .. .
...#..#..#@#.#.#
#.###.X..3......#
##.......#...##....#
.#.##..###...# ##.#
...##..#..#..## .
.#.# ..#.#... .#..
...#...#..
..##..#.#..#..## ..
..##.....#.#


You could see a starcursed mass and a smoke demon.

Vanquished Creatures
  Gastronok (D:10)
  Josephine (D:10)
  Nergalle (D:11)
  A hill giant (D:10)
  Pikel (D:8)
  A griffon (D:10)
  An orc knight (Bailey)
  A manticore (D:10)
  A gargoyle (D:11)
  A polar bear (D:9)
  A hydra skeleton (D:10)
  A basilisk (D:10)
  3 ugly things (D:11)
  A hill giant zombie (D:10)
  A spriggan (D:7)
  Grum (Orc:3)
  A deep elf fighter (Orc:3)
  A hungry ghost (D:9)
  A hippogriff (D:11)
  3 wolves (Orc:3)
  Menkaure (D:4)
  A water moccasin (D:7)
  A tengu zombie (D:11)
  2 necrophages
  7 ice beasts
  2 wargs
  2 sky beasts (D:8)
  A slave (D:8)
  5 ogres
  4 phantoms
  20 orc warriors
  A giant goldfish (D:9)
  3 centaurs
  A crocodile (D:8)
  A big kobold (D:6)
  10 giant frogs
  Blork the orc (D:5)
  A giant frog skeleton (D:11)
  2 scorpions
  A water moccasin zombie (D:10)
  An eye of draining (D:4)
  2 electric eels (D:9)
  A yak skeleton (D:9)
  6 crimson imps
  A hippogriff skeleton (D:10)
  4 goliath beetles
  A jelly (D:9)
  2 iguanas
  18 orc priests
  2 hounds
  19 orc wizards
  A quasit (D:10)
  8 worker ants
  A killer bee zombie (D:7)
  A mottled dragon zombie (D:10)
  An elf simulacrum (D:9)
  A mottled dragon skeleton (D:10)
  A mummy (D:11)
  14 adders
  6 gnolls
  3 shadow imps
  2 giant mites
  5 white imps (D:9)
  A worm (D:6)
  An ufetubus (D:9)
  An adder skeleton (D:5)
  4 giant eyeballs
  An adder simulacrum (D:9)
  An ooze (D:2)
  138 orcs
  A ball python (D:2)
  6 giant cockroaches
  15 goblins
  18 hobgoblins
  23 kobolds
  4 quokkas
  13 bats
  9 giant geckos
  10 giant newts
  A goblin skeleton (D:5)
  2 hobgoblin skeletons
  12 jackals
  An orc simulacrum (D:9)
  3 orc skeletons
  A quokka skeleton (D:6)
  14 rats
  A rat skeleton (D:6)
  A spectral orc (D:11)
  2 ballistomycetes (D:10)
  3 bushes (D:6)
479 creatures vanquished.

Vanquished Creatures (others)
  A slave (D:8)
  An electric eel (D:9)
  An orc priest (D:8)
  A giant frog skeleton (D:11)
  A worker ant (D:8)
  A goblin (Orc:1)
  A giant spore (D:10)
  A rat (D:8)
8 creatures vanquished.

Grand Total: 487 creatures vanquished

Notes
Turn   | Place    | Note
--------------------------------------------------------------
     0 | D:1      | Heini, the Minotaur Fighter, began the quest for the Orb.
     0 | D:1      | Reached XP level 1. HP: 19/19 MP: 1/1
   220 | D:1      | Reached skill level 4 in Fighting
   220 | D:1      | Reached XP level 2. HP: 27/27 MP: 1/1
   282 | D:1      | Found a sparkling altar of Nemelex Xobeh.
   870 | D:2      | Reached XP level 3. HP: 25/34 MP: 2/2
  1264 | D:2      | Reached XP level 4. HP: 41/41 MP: 2/2
  1303 | D:2      | Reached skill level 5 in Armour
  1754 | D:3      | Reached XP level 5. HP: 47/47 MP: 2/2
  1772 | D:3      | Reached skill level 5 in Fighting
  2121 | D:3      | Reached skill level 6 in Armour
  2237 | D:4      | Reached XP level 6. HP: 32/56 MP: 3/3
  2422 | D:4      | Noticed Menkaure
  2434 | D:4      | Killed Menkaure
  2631 | D:4      | Reached skill level 7 in Armour
  3267 | D:5      | Entered Level 5 of the Dungeon
  3415 | D:5      | Noticed Blork the orc
  3458 | D:5      | Killed Blork the orc
  3458 | D:5      | Reached skill level 5 in Maces & Flails
  3458 | D:5      | Reached XP level 7. HP: 17/62 MP: 3/3
  3996 | D:5      | Found Guaget's General Store.
  4691 | D:6      | Reached skill level 8 in Armour
  5060 | D:6      | Reached XP level 8. HP: 70/70 MP: 3/3
  5643 | D:7      | Reached skill level 9 in Armour
  5695 | D:7      | Found a radiant altar of Vehumet.
  5772 | D:7      | Paralysed by a giant eyeball for 3 turns
  5795 | D:7      | Got a pair of heavily runed boots
  5803 | D:7      | Identified the +0 pair of boots "Kuecsuvi" {Str-3 Int-4} (You found it on level 7 of the Dungeon)
  5830 | D:7      | Found a staircase to the Ecumenical Temple.
  5837 | Temple   | Entered the Ecumenical Temple
  5854 | Temple   | Became a worshipper of Warmaster Okawaru
  5958 | D:7      | Found a burning altar of Makhleb.
  5962 | D:7      | Found a shimmering altar of Xom.
  5987 | D:7      | Found a shadowy altar of Dithmenos.
  6246 | D:7      | Reached XP level 9. HP: 73/79 MP: 4/4
  6425 | D:7      | Acquired Okawaru's first power
  6951 | D:8      | Noticed Pikel
  6973 | D:8      | Killed Pikel
  6973 | D:8      | Reached skill level 10 in Maces & Flails
  6973 | D:8      | Reached skill level 10 in Armour
  7728 | D:8      | Identified a scroll of acquirement
  7872 | D:9      | Reached skill level 11 in Armour
  7972 | D:9      | Reached XP level 10. HP: 77/91 MP: 4/4
  8473 | D:9      | Found Gragyses' Assorted Antiques.
  8474 | D:9      | Found a blossoming altar of Fedhas.
  8491 | D:9      | Bought a pair of runed boots for 112 gold pieces
  9198 | D:9      | Found a roughly hewn altar of Beogh.
  9509 | D:10     | Entered Level 10 of the Dungeon
  9509 | D:10     | Found Iho Siass' Distillery.
  9656 | D:10     | Found a flagged portal.
  9662 | D:10     | Reached skill level 12 in Maces & Flails
  9685 | Bailey   | Entered a bailey
  9853 | Bailey   | Noticed an orc knight
  9864 | Bailey   | Killed an orc knight
  9864 | Bailey   | Reached skill level 10 in Fighting
 10103 | Bailey   | Found a bloodstained altar of Trog.
 10159 | D:10     | Noticed Josephine
 10172 | D:10     | Killed Josephine
 10222 | D:10     | Found Enatiove's Armour Shop.
 10288 | D:10     | Noticed a griffon
 10297 | D:10     | Killed a griffon
 10297 | D:10     | Reached XP level 11. HP: 96/101 MP: 4/4
 10414 | D:10     | Noticed a manticore
 10420 | D:10     | Killed a manticore
 10420 | D:10     | Reached skill level 13 in Maces & Flails
 10451 | D:10     | Noticed a hill giant
 10461 | D:10     | Killed a hill giant
 10615 | D:10     | Noticed Gastronok
 10637 | D:10     | Killed Gastronok
 10637 | D:10     | Acquired Okawaru's second power
 10881 | D:10     | Found a staircase to the Orcish Mines.
 10885 | Orc:1    | Entered Level 1 of the Orcish Mines
 11161 | D:11     | Noticed Nergalle
 11198 | D:11     | Killed Nergalle
 11375 | D:11     | Reached skill level 14 in Maces & Flails
 11437 | D:11     | Paralysed by a giant eyeball for 3 turns
 11444 | D:11     | Paralysed by a giant eyeball for 4 turns
 11751 | D:11     | Noticed a rakshasa
 11856 | D:11     | HP: 5/102 [rakshasa (illusionary)/orb of energy (14)]
 13191 | Orc:1    | Received a gift from Okawaru
 13680 | Orc:3    | Noticed Joseph
 13688 | Orc:3    | Noticed Grum
 13703 | Orc:3    | Killed Grum
 14317 | Orc:3    | Noticed Sonja
 14343 | Orc:3    | Reached XP level 12. HP: 40/112 MP: 6/6
 14357 | Orc:3    | Cast into the Abyss (Sonja)
 14395 | Abyss:1  | Noticed an eidolon
 14418 | Abyss:1  | Noticed a starcursed mass
 14470 | Abyss:1  | HP: 1/112 [starcursed mass/accursed screaming (6)]
 14478 | Abyss:1  | HP: 5/112 [smoke demon (4)]
 14480 | Abyss:1  | HP: 1/112 [smoke demon/ball of steam (5)]
 14485 | Abyss:1  | Killed from afar by a starcursed mass

Action                   |  1- 3 |  4- 6 |  7- 9 | 10-12 || total
-------------------------+-------+-------+-------+-------++-------
Melee: Flail             |    81 |   154 |   331 |       ||   566
       Dire flail        |       |       |   224 |   746 ||   970
       Great mace        |       |       |       |   123 ||   123
Invok: Heroism           |       |       |       |     4 ||     4
Evoke: Wand              |       |       |       |     4 ||     4
  Use: Scroll            |     6 |     5 |     5 |     3 ||    19
       Potion            |       |       |       |     8 ||     8
